[ AOE2 MATCH · #477263829 ]
UnrankedCumans vs Armenians
[ REPLAY ANALYSIS · EXTRACTED FROM THE RECORDED GAME ]
Feudal
8:55
Castle
19:43
Imperial
37:44
| APM avg | 47.7 |
| APM peak | 98 |
| eAPM avg | 35.2 |
| Villagers / military | 149 / 664 |
Focus
⚔️ 59.7% · 🌾 40.3%
Knight ×339 · Scout Cavalry ×315 · Battering Ram ×5 · Trebuchet (Packed) ×5
Feudal
11:22
Castle
15:00
Imperial
28:23
| APM avg | 38.9 |
| APM peak | 87 |
| eAPM avg | 29.1 |
| Villagers / military | 178 / 619 |
Focus
⚔️ 55.2% · 🌾 44.8%
Spearman ×291 · Militia ×274 · Battering Ram ×42 · Trebuchet (Packed) ×7 · Monk ×3 · Unknown (1105) ×2
Feudal
10:56
Castle
16:31
Imperial
51:10
| APM avg | 50.6 |
| APM peak | 102 |
| eAPM avg | 30.8 |
| Villagers / military | 319 / 114 |
Focus
⚔️ 31.8% · 🌾 68.2%
Conquistador ×51 · Scout Cavalry ×49 · Trade Cart ×36 · Battering Ram ×11 · Mangonel ×3
Feudal
8:54
Castle
23:19
Imperial
32:23
| APM avg | 36.7 |
| APM peak | 74 |
| eAPM avg | 18.5 |
| Villagers / military | 156 / 192 |
Focus
⚔️ 41.0% · 🌾 59.0%
Mangudai ×118 · Mangonel ×31 · Battering Ram ×16 · Archer ×14 · Trebuchet (Packed) ×11 · Petard ×2
Feudal
9:01
Castle
23:45
Imperial
40:26
| APM avg | 37.9 |
| APM peak | 77 |
| eAPM avg | 24.8 |
| Villagers / military | 345 / 134 |
Focus
⚔️ 27.8% · 🌾 72.2%
Skirmisher ×90 · Spearman ×37 · Militia ×7 · Trade Cart ×7
Feudal
11:48
Castle
16:08
Imperial
32:40
| APM avg | 55.3 |
| APM peak | 91 |
| eAPM avg | 34.9 |
| Villagers / military | 175 / 117 |
Focus
⚔️ 51.0% · 🌾 49.0%
Unknown (882) ×228 · Hand Cannoneer ×72 · Genoese Crossbowman ×29 · Trade Cart ×10 · Petard ×6 · Militia ×5
Feudal
10:24
Castle
14:19
Imperial
28:53
| APM avg | 37.1 |
| APM peak | 87 |
| eAPM avg | 24.5 |
| Villagers / military | 254 / 52 |
Focus
⚔️ 26.8% · 🌾 73.2%
Knight ×29 · Monk ×16 · Mangonel ×7
Feudal
11:48
Castle
15:43
Imperial
31:01
| APM avg | 42.3 |
| APM peak | 192 |
| eAPM avg | 33.0 |
| Villagers / military | 155 / 582 |
Focus
⚔️ 17.9% · 🌾 82.1%
Scout Cavalry ×370 · Cavalry Archer ×196 · Trade Cart ×65 · Trebuchet (Packed) ×16
Match map
Initial resources + every placement click. Lines = walls · curves = elevation contours. ◆ gold · ⬟ stone · ● berries · ✦ relic · ◌ wall gap
Your base· ✓ Closed at 19:43 · 0t walls · 3 gate(s)
kw's base· ✓ Closed at 15:00 · 0t walls · 3 gate(s)
00011's base· ✓ Closed at 16:31 · 13t walls · 3 gate(s)
Mo_Tastic's base· ✓ Closed at 23:19 · 0t walls · 2 gate(s)
うーぺー's base· ✓ Closed at 23:45 · 18t walls · 4 gate(s)
省港澳金牌讲师's base· ✓ Closed at 16:08 · 32t walls · 6 gate(s)
Fish's base· ✓ Closed at 14:19 · 0t walls · 2 gate(s)
Zhang's base· ✓ Closed at 15:43 · 0t walls · 2 gate(s)
Smoothed initial terrain · ◌ = detected wall gap · hover for details
Inputs per minute
— 11别打我,我很菜 - - kw
Build order — 11别打我,我很菜
First 150 of 1065 actions detected
| 0:01 | Create | Villager (Male) |
| 0:04 | Build | House |
| 0:06 | Build | House |
| 0:14 | Create | Villager (Male) |
| 0:24 | Create | Villager (Male) |
| 0:33 | Create | Villager (Male) |
| 1:26 | Create | Villager (Male) |
| 1:57 | Create | Villager (Male) |
| 1:57 | Create | Villager (Male) |
| 1:57 | Create | Villager (Male) |
| 2:11 | Build | Lumber Camp |
| 2:25 | Create | Villager (Male) |
| 2:25 | Create | Villager (Male) |
| 2:31 | Create | Villager (Male) |
| 2:58 | Create | Villager (Male) |
| 3:25 | Build | House |
| 3:42 | Create | Villager (Male) |
| 3:42 | Create | Villager (Male) |
| 4:14 | Create | Villager (Male) |
| 4:15 | Create | Villager (Male) |
| 4:15 | Create | Villager (Male) |
| 4:15 | Create | Villager (Male) |
| 4:36 | Create | Villager (Male) |
| 4:39 | Create | Villager (Male) |
| 4:56 | Build | Mill |
| 6:18 | Create | Villager (Male) |
| 6:45 | Research | Feudal Age |
| 6:45 | Research | Feudal Age |
| 7:18 | Build | House |
| 7:51 | Create | Villager (Male) |
| 8:38 | Create | Villager (Male) |
| 8:55 | Age | Feudal Age |
| 8:56 | Build | Town Center |
| 8:59 | Create | Villager (Male) |
| 9:05 | Create | Villager (Male) |
| 9:11 | Create | Villager (Male) |
| 9:18 | Create | Villager (Male) |
| 9:40 | Create | Villager (Male) |
| 9:54 | Build | House |
| 9:58 | Create | Villager (Male) |
| 10:04 | Create | Villager (Male) |
| 10:15 | Create | Villager (Male) |
| 10:31 | Create | Villager (Male) |
| 10:43 | Build | House |
| 10:44 | Build | House |
| 10:46 | Create | Villager (Male) |
| 10:51 | Create | Villager (Male) |
| 10:58 | Research | Double-Bit Axe |
| 10:58 | Research | Double-Bit Axe |
| 11:11 | Create | Villager (Male) |
| 11:23 | Create | Villager (Male) |
| 11:27 | Build | House |
| 11:37 | Create | Villager (Male) |
| 11:50 | Create | Villager (Male) |
| 11:53 | Build | Farm |
| 11:54 | Build | Farm |
| 11:56 | Build | Farm |
| 11:56 | Build | Farm |
| 12:13 | Create | Villager (Male) |
| 12:15 | Build | Farm |
| 12:26 | Create | Villager (Male) |
| 12:28 | Build | Farm |
| 12:30 | Create | Villager (Male) |
| 12:37 | Create | Villager (Male) |
| 12:39 | Build | Farm |
| 12:50 | Create | Villager (Male) |
| 12:55 | Build | House |
| 13:12 | Create | Villager (Male) |
| 13:19 | Build | Market |
| 13:22 | Create | Villager (Male) |
| 13:26 | Build | Farm |
| 13:30 | Create | Villager (Male) |
| 13:41 | Create | Villager (Male) |
| 13:51 | Create | Villager (Male) |
| 13:52 | Build | Farm |
| 13:55 | Build | Blacksmith |
| 13:59 | Create | Villager (Male) |
| 14:04 | Build | Farm |
| 14:07 | Build | Farm |
| 14:08 | Create | Villager (Male) |
| 14:12 | Build | Farm |
| 14:20 | Create | Villager (Male) |
| 14:21 | Build | Farm |
| 14:27 | Create | Villager (Male) |
| 14:35 | Build | Farm |
| 14:40 | Build | House |
| 14:44 | Create | Villager (Male) |
| 14:51 | Build | Farm |
| 14:54 | Build | Farm |
| 14:59 | Build | Farm |
| 15:02 | Build | Farm |
| 15:09 | Build | House |
| 15:14 | Build | Farm |
| 15:16 | Build | Farm |
| 15:24 | Create | Villager (Male) |
| 15:27 | Build | Mining Camp |
| 15:28 | Create | Villager (Male) |
| 15:34 | Build | House |
| 15:42 | Create | Villager (Male) |
| 15:44 | Build | Farm |
| 15:47 | Build | Farm |
| 16:08 | Create | Villager (Male) |
| 16:20 | Create | Villager (Male) |
| 16:33 | Build | Mining Camp |
| 17:03 | Research | Castle Age |
| 17:04 | Research | Castle Age |
| 17:19 | Build | Siege Workshop |
| 17:22 | Create | Villager (Male) |
| 17:25 | Create | Villager (Male) |
| 17:30 | Build | Farm |
| 17:45 | Create | Villager (Male) |
| 17:57 | Create | Battering Ram |
| 17:58 | Create | Battering Ram |
| 18:00 | Create | Battering Ram |
| 18:08 | Build | Barracks |
| 18:10 | Create | Villager (Male) |
| 18:25 | Create | Villager (Male) |
| 18:47 | Build | Stable |
| 18:49 | Build | Stable |
| 18:55 | Research | Scale Barding Armor |
| 18:55 | Research | Scale Barding Armor |
| 18:56 | Create | Villager (Male) |
| 19:04 | Create | Battering Ram |
| 19:21 | Create | Villager (Male) |
| 19:32 | Create | Battering Ram |
| 19:35 | Create | Villager (Male) |
| 19:36 | Create | Villager (Male) |
| 19:43 | Age | Castle Age |
| 19:51 | Create | Villager (Male) |
| 19:54 | Research | Chain Barding Armor |
| 19:55 | Research | Chain Barding Armor |
| 19:56 | Research | Capped Ram (upgrade) |
| 20:05 | Build | Stable |
| 20:06 | Build | Stable |
| 20:10 | Create | Knight |
| 20:11 | Create | Knight |
| 20:11 | Create | Knight |
| 20:22 | Build | Town Center |
| 20:24 | Create | Knight |
| 20:31 | Create | Villager (Male) |
| 20:36 | Create | Villager (Male) |
| 20:43 | Build | House |
| 20:43 | Build | House |
| 20:43 | Build | House |
| 20:44 | Build | House |
| 20:48 | Create | Knight |
| 20:48 | Create | Knight |
| 20:49 | Create | Knight |
| 20:49 | Create | Knight |
| 21:13 | Create | Knight |
Build order — kw
First 150 of 935 actions detected
| 0:00 | Create | Villager (Male) |
| 0:01 | Create | Villager (Male) |
| 0:01 | Create | Villager (Male) |
| 0:02 | Build | House |
| 0:03 | Build | House |
| 0:05 | Create | Villager (Male) |
| 0:06 | Create | Villager (Male) |
| 1:32 | Create | Villager (Male) |
| 1:32 | Create | Villager (Male) |
| 1:45 | Build | Mule Cart |
| 1:59 | Create | Villager (Male) |
| 2:00 | Create | Villager (Male) |
| 2:24 | Create | Villager (Male) |
| 2:24 | Create | Villager (Male) |
| 2:51 | Create | Villager (Male) |
| 3:19 | Create | Villager (Male) |
| 3:19 | Create | Villager (Male) |
| 3:26 | Build | House |
| 3:27 | Build | House |
| 3:28 | Build | House |
| 3:42 | Create | Villager (Male) |
| 3:43 | Create | Villager (Male) |
| 4:02 | Create | Villager (Male) |
| 4:02 | Create | Villager (Male) |
| 4:13 | Build | Mule Cart |
| 4:30 | Create | Villager (Male) |
| 4:30 | Create | Villager (Male) |
| 4:52 | Create | Villager (Male) |
| 4:52 | Create | Villager (Male) |
| 5:03 | Build | Mill |
| 5:17 | Create | Villager (Male) |
| 5:41 | Create | Villager (Male) |
| 5:41 | Create | Villager (Male) |
| 6:03 | Create | Villager (Male) |
| 6:03 | Create | Villager (Male) |
| 6:05 | Create | Villager (Male) |
| 6:05 | Create | Villager (Male) |
| 6:24 | Create | Villager (Male) |
| 6:24 | Create | Villager (Male) |
| 6:58 | Build | Farm |
| 7:22 | Build | Farm |
| 7:34 | Create | Villager (Male) |
| 8:00 | Build | Farm |
| 8:09 | Create | Villager (Male) |
| 8:33 | Build | Mule Cart |
| 8:47 | Create | Villager (Male) |
| 8:55 | Research | Feudal Age |
| 8:55 | Research | Feudal Age |
| 9:38 | Build | Farm |
| 10:55 | Create | Villager (Male) |
| 10:55 | Create | Villager (Male) |
| 11:22 | Age | Feudal Age |
| 11:27 | Build | Market |
| 11:30 | Build | Blacksmith |
| 12:20 | Research | Castle Age |
| 12:26 | Research | Horse Collar |
| 12:26 | Research | Horse Collar |
| 12:50 | Research | Double-Bit Axe |
| 12:50 | Research | Double-Bit Axe |
| 13:46 | Create | Villager (Male) |
| 15:00 | Age | Castle Age |
| 15:03 | Create | Villager (Male) |
| 15:07 | Build | Town Center |
| 15:13 | Build | Monastery |
| 15:18 | Build | Town Center |
| 15:20 | Research | Bow Saw |
| 15:21 | Research | Heavy Plow |
| 15:21 | Research | Heavy Plow |
| 15:39 | Create | Villager (Male) |
| 15:53 | Build | House |
| 15:56 | Research | Wheelbarrow |
| 16:08 | Create | Warrior Priest |
| 16:10 | Build | House |
| 16:12 | Create | Villager (Male) |
| 16:25 | Create | Villager (Male) |
| 16:33 | Create | Villager (Male) |
| 16:36 | Build | Farm |
| 16:37 | Build | Farm |
| 16:50 | Create | Villager (Male) |
| 16:50 | Build | Farm |
| 16:54 | Create | Villager (Male) |
| 16:56 | Build | House |
| 16:59 | Create | Villager (Male) |
| 17:06 | Create | Villager (Male) |
| 17:11 | Create | Villager (Male) |
| 17:15 | Create | Villager (Male) |
| 17:17 | Build | Farm |
| 17:23 | Create | Villager (Male) |
| 17:26 | Build | House |
| 17:34 | Build | Farm |
| 17:35 | Build | Farm |
| 17:36 | Build | Farm |
| 17:38 | Build | Farm |
| 17:41 | Create | Villager (Male) |
| 17:47 | Build | Farm |
| 17:48 | Build | Farm |
| 17:53 | Build | Farm |
| 17:54 | Create | Villager (Male) |
| 17:57 | Build | Farm |
| 17:59 | Create | Villager (Male) |
| 18:02 | Build | House |
| 18:10 | Create | Villager (Male) |
| 18:23 | Build | Farm |
| 18:24 | Build | Farm |
| 18:25 | Build | Farm |
| 18:25 | Build | Farm |
| 18:28 | Create | Villager (Male) |
| 18:28 | Create | Villager (Male) |
| 18:34 | Build | House |
| 18:38 | Create | Villager (Male) |
| 18:43 | Build | House |
| 18:48 | Build | Farm |
| 18:51 | Create | Villager (Male) |
| 19:07 | Build | Farm |
| 19:08 | Build | Farm |
| 19:11 | Build | House |
| 19:13 | Create | Villager (Male) |
| 19:14 | Create | Villager (Male) |
| 19:14 | Create | Villager (Male) |
| 19:19 | Create | Villager (Male) |
| 19:28 | Create | Villager (Male) |
| 19:41 | Create | Villager (Male) |
| 19:44 | Build | Town Center |
| 19:45 | Build | Farm |
| 19:48 | Create | Villager (Male) |
| 19:52 | Build | House |
| 19:54 | Create | Villager (Male) |
| 20:02 | Create | Villager (Male) |
| 20:09 | Create | Villager (Male) |
| 20:13 | Build | Farm |
| 20:14 | Create | Villager (Male) |
| 20:19 | Build | House |
| 20:20 | Create | Villager (Male) |
| 20:24 | Create | Monk |
| 20:29 | Create | Villager (Male) |
| 20:34 | Create | Villager (Male) |
| 20:41 | Create | Villager (Male) |
| 20:43 | Build | Farm |
| 20:44 | Create | Villager (Male) |
| 20:46 | Build | Farm |
| 20:47 | Build | Farm |
| 20:49 | Build | Farm |
| 20:54 | Build | Mule Cart |
| 20:57 | Build | House |
| 20:57 | Create | Villager (Male) |
| 21:01 | Create | Villager (Male) |
| 21:11 | Create | Villager (Male) |
| 21:13 | Create | Monk |
| 21:15 | Create | Villager (Male) |
| 21:24 | Create | Villager (Male) |
Build order — 00011
First 150 of 757 actions detected
| 0:01 | Create | Villager (Male) |
| 0:01 | Create | Villager (Male) |
| 0:02 | Build | House |
| 0:04 | Build | House |
| 0:06 | Create | Villager (Male) |
| 0:06 | Create | Villager (Male) |
| 1:25 | Create | Villager (Male) |
| 1:25 | Create | Villager (Male) |
| 1:57 | Create | Villager (Male) |
| 1:57 | Create | Villager (Male) |
| 2:10 | Build | Lumber Camp |
| 2:17 | Create | Villager (Male) |
| 2:42 | Create | Villager (Male) |
| 2:43 | Create | Villager (Male) |
| 3:07 | Create | Villager (Male) |
| 3:07 | Create | Villager (Male) |
| 3:40 | Create | Villager (Male) |
| 3:40 | Create | Villager (Male) |
| 4:10 | Build | House |
| 4:25 | Create | Villager (Male) |
| 4:25 | Create | Villager (Male) |
| 4:42 | Build | Mill |
| 4:55 | Create | Villager (Male) |
| 5:20 | Create | Villager (Male) |
| 5:28 | Build | House |
| 5:44 | Create | Villager (Male) |
| 6:05 | Create | Villager (Male) |
| 6:26 | Create | Villager (Male) |
| 6:46 | Create | Villager (Male) |
| 7:07 | Create | Villager (Male) |
| 7:15 | Build | Farm |
| 7:24 | Build | Mill |
| 7:34 | Build | House |
| 7:50 | Create | Villager (Male) |
| 8:03 | Create | Villager (Male) |
| 8:16 | Build | Farm |
| 8:25 | Build | Mining Camp |
| 8:45 | Research | Feudal Age |
| 8:45 | Research | Feudal Age |
| 8:45 | Research | Feudal Age |
| 9:05 | Research | Loom |
| 9:33 | Build | Palisade Wall |
| 9:58 | Build | House |
| 10:20 | Build | House |
| 10:32 | Build | Palisade Wall |
| 10:33 | Build | Palisade Wall |
| 10:45 | Build | Palisade Wall |
| 10:52 | Create | Villager (Male) |
| 10:56 | Age | Feudal Age |
| 10:59 | Build | Watch Tower |
| 11:06 | Build | Palisade Wall |
| 11:10 | Build | Palisade Wall |
| 11:13 | Build | Palisade Wall |
| 11:23 | Create | Villager (Male) |
| 11:30 | Build | Blacksmith |
| 12:01 | Create | Villager (Male) |
| 12:36 | Build | Market |
| 13:51 | Research | Castle Age |
| 13:51 | Research | Castle Age |
| 14:30 | Build | Watch Tower |
| 14:43 | Build | Mining Camp |
| 15:04 | Build | Watch Tower |
| 15:24 | Research | Double-Bit Axe |
| 15:51 | Build | Farm |
| 15:51 | Build | Farm |
| 16:31 | Age | Castle Age |
| 16:32 | Build | Lumber Camp |
| 16:45 | Build | Castle |
| 16:52 | Create | Villager (Male) |
| 16:52 | Create | Villager (Male) |
| 17:58 | Create | Conquistador |
| 17:59 | Create | Conquistador |
| 18:01 | Build | Farm |
| 18:34 | Create | Conquistador |
| 18:35 | Create | Conquistador |
| 18:49 | Create | Conquistador |
| 18:49 | Create | Conquistador |
| 18:56 | Build | Farm |
| 18:57 | Build | Farm |
| 18:59 | Build | Farm |
| 19:07 | Build | Farm |
| 19:38 | Create | Conquistador |
| 19:39 | Create | Conquistador |
| 20:09 | Create | Conquistador |
| 20:09 | Create | Conquistador |
| 20:19 | Build | Siege Workshop |
| 20:32 | Build | Farm |
| 20:37 | Create | Conquistador |
| 20:37 | Create | Conquistador |
| 21:11 | Create | Conquistador |
| 21:12 | Create | Conquistador |
| 21:21 | Create | Battering Ram |
| 21:22 | Build | House |
| 21:35 | Create | Conquistador |
| 21:42 | Build | Farm |
| 22:08 | Create | Conquistador |
| 22:08 | Create | Conquistador |
| 22:25 | Create | Battering Ram |
| 22:28 | Create | Villager (Male) |
| 22:28 | Create | Villager (Male) |
| 22:51 | Create | Conquistador |
| 22:51 | Create | Conquistador |
| 23:09 | Create | Conquistador |
| 23:09 | Create | Conquistador |
| 23:37 | Create | Battering Ram |
| 23:45 | Create | Conquistador |
| 23:45 | Create | Conquistador |
| 23:45 | Create | Conquistador |
| 24:16 | Create | Battering Ram |
| 24:44 | Create | Conquistador |
| 24:44 | Create | Conquistador |
| 25:03 | Create | Conquistador |
| 25:03 | Create | Conquistador |
| 25:13 | Research | Fletching |
| 25:13 | Research | Fletching |
| 25:19 | Build | Farm |
| 25:20 | Build | Farm |
| 25:21 | Create | Villager (Male) |
| 25:21 | Create | Villager (Male) |
| 25:24 | Build | Farm |
| 25:26 | Build | Farm |
| 25:33 | Create | Conquistador |
| 25:34 | Create | Conquistador |
| 25:40 | Research | Padded Archer Armor |
| 25:40 | Research | Padded Archer Armor |
| 25:58 | Create | Villager (Male) |
| 25:58 | Create | Villager (Male) |
| 26:16 | Create | Conquistador |
| 26:16 | Create | Conquistador |
| 26:39 | Create | Conquistador |
| 26:39 | Create | Conquistador |
| 26:57 | Create | Conquistador |
| 26:57 | Create | Conquistador |
| 26:58 | Create | Conquistador |
| 27:01 | Build | Farm |
| 27:26 | Create | Mangonel |
| 27:27 | Create | Conquistador |
| 27:27 | Create | Conquistador |
| 27:31 | Create | Villager (Male) |
| 27:31 | Create | Villager (Male) |
| 27:43 | Create | Villager (Male) |
| 27:44 | Create | Villager (Male) |
| 28:08 | Create | Conquistador |
| 28:09 | Create | Conquistador |
| 28:43 | Create | Conquistador |
| 28:43 | Create | Conquistador |
| 28:58 | Create | Conquistador |
| 28:58 | Create | Conquistador |
| 29:13 | Build | Farm |
| 29:13 | Build | Farm |
Build order — Mo_Tastic
First 150 of 498 actions detected
| 0:00 | Create | Villager (Male) |
| 0:00 | Create | Villager (Male) |
| 0:01 | Create | Villager (Male) |
| 0:02 | Build | House |
| 0:04 | Build | House |
| 0:38 | Create | Villager (Male) |
| 1:36 | Create | Villager (Male) |
| 1:36 | Create | Villager (Male) |
| 1:43 | Build | Lumber Camp |
| 1:48 | Create | Villager (Male) |
| 2:22 | Create | Villager (Male) |
| 2:52 | Create | Villager (Male) |
| 2:53 | Create | Villager (Male) |
| 2:53 | Create | Villager (Male) |
| 3:24 | Build | House |
| 3:25 | Build | House |
| 3:33 | Create | Villager (Male) |
| 4:02 | Create | Villager (Male) |
| 4:03 | Create | Villager (Male) |
| 4:20 | Build | Mill |
| 4:31 | Create | Villager (Male) |
| 4:59 | Create | Villager (Male) |
| 4:59 | Create | Villager (Male) |
| 5:00 | Create | Villager (Male) |
| 5:30 | Build | Mill |
| 6:11 | Create | Villager (Male) |
| 6:19 | Build | Mining Camp |
| 6:44 | Research | Feudal Age |
| 6:44 | Research | Feudal Age |
| 7:27 | Build | Mining Camp |
| 8:17 | Build | House |
| 8:43 | Create | Villager (Male) |
| 8:54 | Research | Loom |
| 8:54 | Age | Feudal Age |
| 8:55 | Build | Watch Tower |
| 9:33 | Create | Villager (Male) |
| 9:38 | Build | Barracks |
| 9:41 | Research | Double-Bit Axe |
| 9:50 | Create | Villager (Male) |
| 10:20 | Create | Villager (Male) |
| 10:38 | Create | Villager (Male) |
| 10:47 | Build | Watch Tower |
| 11:01 | Build | Archery Range |
| 11:08 | Create | Villager (Male) |
| 11:44 | Create | Villager (Male) |
| 11:55 | Build | Blacksmith |
| 11:59 | Build | House |
| 12:02 | Create | Villager (Male) |
| 12:05 | Create | Archer |
| 12:22 | Build | Watch Tower |
| 12:25 | Create | Villager (Male) |
| 12:51 | Create | Villager (Male) |
| 12:54 | Create | Villager (Male) |
| 13:04 | Create | Archer |
| 13:12 | Research | Fletching |
| 13:21 | Create | Archer |
| 13:53 | Create | Archer |
| 14:14 | Create | Villager (Male) |
| 14:17 | Create | Villager (Male) |
| 14:20 | Build | House |
| 14:21 | Build | House |
| 14:23 | Create | Villager (Male) |
| 14:33 | Create | Archer |
| 15:05 | Create | Villager (Male) |
| 15:14 | Build | Watch Tower |
| 15:20 | Create | Villager (Male) |
| 15:22 | Create | Villager (Male) |
| 15:27 | Build | Farm |
| 15:30 | Research | Horse Collar |
| 15:35 | Build | Farm |
| 15:36 | Build | Farm |
| 15:37 | Build | Farm |
| 15:39 | Build | Farm |
| 16:05 | Create | Archer |
| 16:16 | Create | Villager (Male) |
| 16:24 | Create | Villager (Male) |
| 16:30 | Build | Mining Camp |
| 16:32 | Create | Villager (Male) |
| 16:35 | Create | Archer |
| 16:55 | Build | Watch Tower |
| 16:58 | Create | Villager (Male) |
| 17:08 | Create | Archer |
| 17:10 | Create | Villager (Male) |
| 17:13 | Build | House |
| 17:14 | Build | House |
| 17:19 | Build | Farm |
| 17:51 | Create | Villager (Male) |
| 18:05 | Create | Villager (Male) |
| 18:08 | Build | Farm |
| 18:09 | Build | Farm |
| 18:10 | Build | Farm |
| 18:14 | Build | Farm |
| 18:16 | Create | Villager (Male) |
| 18:48 | Build | House |
| 19:08 | Create | Villager (Male) |
| 19:11 | Build | Market |
| 19:21 | Build | Farm |
| 19:52 | Build | Farm |
| 20:11 | Create | Villager (Male) |
| 20:39 | Research | Castle Age |
| 20:43 | Build | Farm |
| 20:47 | Build | Farm |
| 20:55 | Build | Farm |
| 21:08 | Build | Lumber Camp |
| 21:21 | Build | Outpost |
| 23:15 | Create | Villager (Male) |
| 23:19 | Age | Castle Age |
| 23:23 | Research | Crossbowman (upgrade) |
| 23:24 | Research | Bodkin Arrow |
| 23:25 | Create | Villager (Male) |
| 23:29 | Build | Town Center |
| 23:32 | Research | Bow Saw |
| 23:33 | Research | Heavy Plow |
| 23:33 | Research | Heavy Plow |
| 23:36 | Create | Villager (Male) |
| 23:55 | Build | Castle |
| 24:13 | Create | Archer |
| 24:13 | Create | Archer |
| 24:54 | Create | Villager (Male) |
| 24:56 | Create | Villager (Male) |
| 25:00 | Create | Villager (Male) |
| 25:01 | Create | Villager (Male) |
| 25:03 | Create | Villager (Male) |
| 25:24 | Build | Castle |
| 25:28 | Build | Farm |
| 25:31 | Build | Town Center |
| 25:33 | Create | Villager (Male) |
| 25:34 | Research | Wheelbarrow |
| 25:35 | Create | Villager (Male) |
| 25:40 | Build | House |
| 25:41 | Build | House |
| 25:42 | Build | House |
| 25:43 | Build | House |
| 25:57 | Build | Farm |
| 25:58 | Build | Farm |
| 25:58 | Build | Farm |
| 25:59 | Build | Farm |
| 26:02 | Build | Farm |
| 26:24 | Build | University |
| 26:35 | Create | Archer |
| 26:35 | Create | Archer |
| 26:39 | Build | Stone Wall |
| 26:43 | Create | Villager (Male) |
| 26:49 | Create | Villager (Male) |
| 26:55 | Build | Stone Wall |
| 26:57 | Build | Stone Wall |
| 27:23 | Create | Villager (Male) |
| 27:26 | Create | Villager (Male) |
| 27:34 | Create | Villager (Male) |
| 27:34 | Create | Villager (Male) |
Build order — うーぺー
First 150 of 816 actions detected
| 0:01 | Create | Villager (Male) |
| 0:01 | Create | Villager (Male) |
| 0:01 | Create | Villager (Male) |
| 0:01 | Create | Villager (Male) |
| 0:02 | Build | House |
| 0:04 | Build | House |
| 1:30 | Create | Villager (Male) |
| 1:30 | Create | Villager (Male) |
| 1:50 | Create | Villager (Male) |
| 1:50 | Create | Villager (Male) |
| 1:53 | Build | Lumber Camp |
| 2:25 | Create | Villager (Male) |
| 2:25 | Create | Villager (Male) |
| 2:53 | Create | Villager (Male) |
| 2:53 | Create | Villager (Male) |
| 2:56 | Create | Villager (Male) |
| 2:57 | Create | Villager (Male) |
| 3:43 | Create | Villager (Male) |
| 3:44 | Create | Villager (Male) |
| 3:50 | Build | House |
| 4:05 | Create | Villager (Male) |
| 4:13 | Create | Villager (Male) |
| 4:13 | Create | Villager (Male) |
| 4:17 | Build | Mill |
| 4:51 | Create | Villager (Male) |
| 4:51 | Create | Villager (Male) |
| 4:57 | Create | Villager (Male) |
| 5:17 | Build | Barracks |
| 5:25 | Create | Villager (Male) |
| 5:34 | Build | House |
| 6:22 | Build | Mining Camp |
| 6:38 | Build | House |
| 6:51 | Research | Feudal Age |
| 6:51 | Research | Feudal Age |
| 7:13 | Build | Mill |
| 7:24 | Create | Militia |
| 7:24 | Create | Militia |
| 7:34 | Create | Militia |
| 7:34 | Create | Militia |
| 7:58 | Create | Militia |
| 8:10 | Create | Militia |
| 8:44 | Create | Militia |
| 8:59 | Create | Villager (Male) |
| 9:01 | Age | Feudal Age |
| 9:05 | Create | Villager (Male) |
| 9:08 | Research | Double-Bit Axe |
| 9:09 | Research | Double-Bit Axe |
| 9:12 | Research | Horse Collar |
| 9:12 | Research | Horse Collar |
| 9:21 | Build | House |
| 9:26 | Create | Villager (Male) |
| 9:26 | Create | Villager (Male) |
| 9:54 | Research | Man-at-Arms (upgrade) |
| 10:14 | Build | Mining Camp |
| 10:16 | Create | Villager (Male) |
| 10:17 | Create | Villager (Male) |
| 10:26 | Create | Villager (Male) |
| 10:38 | Build | Farm |
| 10:40 | Create | Villager (Male) |
| 10:59 | Build | Watch Tower |
| 11:13 | Create | Villager (Male) |
| 11:24 | Research | Arson |
| 11:24 | Research | Arson |
| 11:26 | Create | Villager (Male) |
| 11:26 | Create | Villager (Male) |
| 11:28 | Build | House |
| 11:29 | Build | House |
| 11:38 | Create | Villager (Male) |
| 11:46 | Build | Lumber Camp |
| 12:00 | Create | Villager (Male) |
| 12:04 | Create | Villager (Male) |
| 12:43 | Create | Villager (Male) |
| 12:52 | Create | Villager (Male) |
| 12:52 | Create | Villager (Male) |
| 12:54 | Build | Farm |
| 13:08 | Build | Farm |
| 13:11 | Build | Farm |
| 13:18 | Build | Watch Tower |
| 13:34 | Create | Villager (Male) |
| 13:35 | Create | Villager (Male) |
| 13:41 | Build | Blacksmith |
| 13:55 | Create | Villager (Male) |
| 14:08 | Build | Farm |
| 14:14 | Research | Fletching |
| 14:14 | Research | Fletching |
| 14:24 | Build | Watch Tower |
| 14:32 | Create | Villager (Male) |
| 14:44 | Build | Farm |
| 14:46 | Create | Villager (Male) |
| 14:48 | Build | House |
| 15:10 | Build | Watch Tower |
| 15:25 | Create | Villager (Male) |
| 15:27 | Build | Farm |
| 15:29 | Build | Farm |
| 15:31 | Create | Villager (Male) |
| 15:51 | Build | Watch Tower |
| 15:54 | Build | Palisade Wall |
| 15:54 | Build | Palisade Wall |
| 15:55 | Build | Palisade Wall |
| 15:56 | Build | Palisade Wall |
| 15:57 | Build | Palisade Wall |
| 16:03 | Create | Villager (Male) |
| 16:10 | Build | Market |
| 16:55 | Create | Villager (Male) |
| 16:55 | Create | Villager (Male) |
| 17:17 | Create | Villager (Male) |
| 17:19 | Build | Farm |
| 17:19 | Build | Farm |
| 17:20 | Build | Farm |
| 17:20 | Build | Farm |
| 17:20 | Build | Farm |
| 17:31 | Create | Villager (Male) |
| 17:32 | Create | Villager (Male) |
| 17:32 | Create | Villager (Male) |
| 17:43 | Build | Watch Tower |
| 17:58 | Create | Villager (Male) |
| 18:00 | Create | Villager (Male) |
| 18:51 | Create | Villager (Male) |
| 19:01 | Build | House |
| 19:02 | Build | House |
| 19:03 | Build | House |
| 19:08 | Build | Farm |
| 19:15 | Build | Farm |
| 19:18 | Research | Loom |
| 19:19 | Research | Wheelbarrow |
| 20:02 | Build | Palisade Wall |
| 20:10 | Build | Watch Tower |
| 20:40 | Build | Watch Tower |
| 20:45 | Research | Castle Age |
| 20:46 | Research | Castle Age |
| 21:42 | Build | Watch Tower |
| 21:47 | Build | Stone Wall |
| 21:59 | Build | Watch Tower |
| 22:12 | Build | Stone Wall |
| 22:14 | Build | Stone Wall |
| 22:24 | Build | Gate |
| 22:29 | Research | Gold Mining |
| 22:30 | Research | Stone Mining |
| 22:41 | Build | Stone Wall |
| 22:43 | Build | Stone Wall |
| 22:43 | Build | Stone Wall |
| 22:56 | Build | Watch Tower |
| 23:45 | Age | Castle Age |
| 23:49 | Create | Villager (Male) |
| 23:49 | Create | Villager (Male) |
| 23:49 | Create | Villager (Male) |
| 23:50 | Create | Villager (Male) |
| 23:50 | Create | Villager (Male) |
| 23:50 | Create | Villager (Male) |
| 23:52 | Build | University |
Build order — 省港澳金牌讲师
First 150 of 614 actions detected
| 0:02 | Create | Villager (Male) |
| 0:03 | Create | Villager (Male) |
| 0:03 | Create | Villager (Male) |
| 0:04 | Build | House |
| 0:05 | Build | House |
| 0:09 | Create | Villager (Male) |
| 1:26 | Create | Villager (Male) |
| 1:47 | Build | Lumber Camp |
| 1:53 | Create | Villager (Male) |
| 2:23 | Create | Villager (Male) |
| 2:54 | Create | Villager (Male) |
| 2:54 | Create | Villager (Male) |
| 2:54 | Create | Villager (Male) |
| 3:32 | Create | Villager (Male) |
| 3:51 | Build | House |
| 3:52 | Build | House |
| 3:53 | Build | House |
| 3:56 | Create | Villager (Male) |
| 3:57 | Create | Villager (Male) |
| 4:14 | Create | Villager (Male) |
| 4:15 | Create | Villager (Male) |
| 4:44 | Create | Villager (Male) |
| 4:44 | Create | Villager (Male) |
| 4:45 | Create | Villager (Male) |
| 4:48 | Build | Palisade Gate |
| 5:04 | Build | Palisade Gate |
| 5:16 | Build | Palisade Gate |
| 5:25 | Build | Palisade Gate |
| 5:30 | Create | Villager (Male) |
| 5:47 | Build | Palisade Wall |
| 5:53 | Create | Villager (Male) |
| 5:59 | Build | Mill |
| 6:13 | Create | Villager (Male) |
| 6:48 | Create | Villager (Male) |
| 7:16 | Create | Villager (Male) |
| 7:33 | Create | Villager (Male) |
| 7:49 | Build | Mining Camp |
| 7:56 | Create | Villager (Male) |
| 7:57 | Build | Farm |
| 8:03 | Build | Farm |
| 8:28 | Create | Villager (Male) |
| 8:48 | Create | Villager (Male) |
| 8:50 | Research | Feudal Age |
| 9:23 | Build | Mining Camp |
| 9:39 | Create | Villager (Male) |
| 9:40 | Create | Villager (Male) |
| 9:45 | Build | Farm |
| 11:13 | Research | Loom |
| 11:25 | Build | Palisade Wall |
| 11:27 | Build | Palisade Wall |
| 11:35 | Build | Palisade Wall |
| 11:41 | Create | Villager (Male) |
| 11:48 | Age | Feudal Age |
| 11:49 | Build | Gate |
| 11:55 | Create | Villager (Male) |
| 11:57 | Build | Market |
| 12:00 | Build | Blacksmith |
| 12:02 | Build | House |
| 12:07 | Build | Stone Wall |
| 12:18 | Build | Stone Wall |
| 12:22 | Build | Stone Wall |
| 12:23 | Create | Villager (Male) |
| 12:27 | Build | Stone Wall |
| 13:04 | Build | Stone Wall |
| 13:06 | Research | Castle Age |
| 13:12 | Build | Stone Wall |
| 13:20 | Build | Stone Wall |
| 13:22 | Build | Mining Camp |
| 13:34 | Build | Stone Wall |
| 13:35 | Build | Stone Wall |
| 13:38 | Build | Stone Wall |
| 13:44 | Build | Stone Wall |
| 13:54 | Research | Horse Collar |
| 13:58 | Build | House |
| 14:00 | Build | House |
| 14:08 | Build | House |
| 14:17 | Build | Stone Wall |
| 14:19 | Build | Stone Wall |
| 14:21 | Create | Villager (Male) |
| 14:31 | Build | Stone Wall |
| 14:33 | Build | Farm |
| 14:36 | Build | Farm |
| 14:37 | Build | Farm |
| 14:38 | Build | Farm |
| 14:40 | Research | Double-Bit Axe |
| 14:43 | Build | Stone Wall |
| 14:56 | Build | House |
| 15:00 | Build | Stone Wall |
| 15:02 | Build | Stone Wall |
| 15:27 | Build | House |
| 15:28 | Build | Stone Wall |
| 15:34 | Build | Lumber Camp |
| 15:37 | Build | House |
| 15:44 | Create | Villager (Male) |
| 15:52 | Build | Stone Wall |
| 16:08 | Age | Castle Age |
| 16:11 | Build | Castle |
| 16:13 | Create | Villager (Male) |
| 16:21 | Create | Villager (Male) |
| 17:04 | Create | Villager (Male) |
| 17:16 | Create | Genoese Crossbowman |
| 17:17 | Create | Genoese Crossbowman |
| 17:26 | Build | Stone Wall |
| 17:33 | Build | Farm |
| 17:34 | Build | Farm |
| 17:35 | Build | Farm |
| 17:38 | Build | Farm |
| 17:44 | Create | Villager (Male) |
| 17:47 | Build | Farm |
| 17:52 | Create | Genoese Crossbowman |
| 17:52 | Create | Genoese Crossbowman |
| 18:13 | Create | Villager (Male) |
| 18:17 | Build | Siege Workshop |
| 18:33 | Create | Genoese Crossbowman |
| 18:38 | Create | Villager (Male) |
| 18:47 | Create | Genoese Crossbowman |
| 19:08 | Build | Gate |
| 19:15 | Create | Villager (Male) |
| 19:18 | Build | Farm |
| 19:18 | Build | Farm |
| 19:24 | Create | Genoese Crossbowman |
| 19:25 | Create | Villager (Male) |
| 19:52 | Create | Villager (Male) |
| 20:05 | Create | Genoese Crossbowman |
| 20:24 | Create | Villager (Male) |
| 20:30 | Build | Mill |
| 20:30 | Build | Farm |
| 20:31 | Build | Farm |
| 20:34 | Create | Genoese Crossbowman |
| 20:51 | Create | Villager (Male) |
| 21:14 | Create | Villager (Male) |
| 21:16 | Create | Genoese Crossbowman |
| 21:19 | Build | Farm |
| 21:20 | Build | Farm |
| 21:21 | Build | Farm |
| 21:22 | Build | Farm |
| 21:25 | Build | Farm |
| 21:51 | Create | Petard |
| 21:51 | Create | Petard |
| 21:52 | Create | Villager (Male) |
| 21:57 | Build | Farm |
| 22:05 | Create | Villager (Male) |
| 22:15 | Create | Villager (Male) |
| 22:15 | Create | Villager (Male) |
| 22:16 | Create | Villager (Male) |
| 22:17 | Create | Villager (Male) |
| 22:25 | Build | Town Center |
| 22:34 | Create | Villager (Male) |
| 22:47 | Create | Villager (Male) |
| 22:54 | Create | Genoese Crossbowman |
Build order — Fish
First 150 of 552 actions detected
| 0:01 | Create | Villager (Male) |
| 0:01 | Create | Villager (Male) |
| 0:01 | Create | Villager (Male) |
| 0:02 | Build | House |
| 0:03 | Build | House |
| 0:11 | Create | Villager (Male) |
| 0:29 | Create | Villager (Male) |
| 0:43 | Create | Villager (Male) |
| 1:30 | Create | Villager (Male) |
| 1:54 | Create | Villager (Male) |
| 1:54 | Create | Villager (Male) |
| 2:09 | Build | Lumber Camp |
| 3:12 | Create | Villager (Male) |
| 3:13 | Create | Villager (Male) |
| 3:52 | Build | House |
| 4:05 | Create | Villager (Male) |
| 4:33 | Create | Villager (Male) |
| 4:50 | Build | Mill |
| 4:52 | Create | Villager (Male) |
| 5:18 | Create | Villager (Male) |
| 5:47 | Create | Villager (Male) |
| 6:06 | Create | Villager (Male) |
| 6:16 | Build | Mill |
| 6:34 | Create | Villager (Male) |
| 6:44 | Build | House |
| 7:06 | Create | Villager (Male) |
| 7:42 | Create | Villager (Male) |
| 7:53 | Build | Mining Camp |
| 7:57 | Research | Feudal Age |
| 8:42 | Build | House |
| 10:10 | Create | Villager (Male) |
| 10:24 | Age | Feudal Age |
| 10:32 | Create | Villager (Male) |
| 10:39 | Build | Market |
| 10:44 | Build | Blacksmith |
| 11:13 | Create | Villager (Male) |
| 11:31 | Research | Castle Age |
| 11:31 | Research | Castle Age |
| 11:56 | Research | Double-Bit Axe |
| 11:57 | Research | Double-Bit Axe |
| 11:59 | Build | Farm |
| 12:00 | Build | Farm |
| 12:15 | Research | Horse Collar |
| 12:15 | Research | Horse Collar |
| 12:16 | Research | Horse Collar |
| 12:37 | Build | Farm |
| 12:39 | Build | Farm |
| 13:15 | Build | Farm |
| 14:14 | Build | House |
| 14:19 | Age | Castle Age |
| 14:21 | Build | Monastery |
| 14:21 | Create | Villager (Male) |
| 14:23 | Research | Bow Saw |
| 14:26 | Create | Villager (Male) |
| 14:52 | Create | Monk |
| 14:58 | Build | House |
| 14:59 | Build | House |
| 14:59 | Build | House |
| 15:04 | Create | Villager (Male) |
| 15:06 | Create | Monk |
| 15:21 | Build | Town Center |
| 15:40 | Create | Villager (Male) |
| 15:40 | Create | Villager (Male) |
| 15:49 | Research | Heavy Plow |
| 15:49 | Research | Heavy Plow |
| 16:05 | Create | Villager (Male) |
| 16:11 | Build | Farm |
| 16:12 | Build | Farm |
| 16:17 | Create | Monk |
| 16:42 | Create | Villager (Male) |
| 16:42 | Create | Villager (Male) |
| 16:43 | Build | Farm |
| 16:50 | Create | Villager (Male) |
| 16:51 | Create | Villager (Male) |
| 16:55 | Build | Town Center |
| 17:01 | Create | Monk |
| 17:12 | Create | Villager (Male) |
| 17:13 | Build | Farm |
| 17:15 | Create | Villager (Male) |
| 17:30 | Create | Villager (Male) |
| 17:31 | Build | Farm |
| 17:32 | Build | Farm |
| 17:58 | Create | Villager (Male) |
| 18:03 | Build | Farm |
| 18:04 | Build | Farm |
| 18:06 | Build | Farm |
| 18:06 | Build | Farm |
| 18:09 | Create | Villager (Male) |
| 18:10 | Create | Villager (Male) |
| 18:11 | Create | Villager (Male) |
| 18:13 | Build | Farm |
| 18:13 | Build | Farm |
| 18:28 | Create | Villager (Male) |
| 18:40 | Create | Villager (Male) |
| 18:50 | Create | Villager (Male) |
| 18:50 | Create | Villager (Male) |
| 18:51 | Build | Farm |
| 18:52 | Build | Farm |
| 18:52 | Build | Farm |
| 18:54 | Build | Farm |
| 18:55 | Build | Farm |
| 18:58 | Create | Villager (Male) |
| 18:59 | Create | Villager (Male) |
| 19:07 | Research | Loom |
| 19:07 | Research | Loom |
| 19:08 | Create | Villager (Male) |
| 19:08 | Create | Villager (Male) |
| 19:14 | Create | Villager (Male) |
| 19:15 | Create | Villager (Male) |
| 19:26 | Build | Town Center |
| 19:28 | Create | Villager (Male) |
| 19:49 | Create | Villager (Male) |
| 19:50 | Create | Villager (Male) |
| 19:55 | Create | Villager (Male) |
| 19:55 | Create | Villager (Male) |
| 19:57 | Build | House |
| 20:02 | Build | Lumber Camp |
| 20:05 | Create | Villager (Male) |
| 20:07 | Build | House |
| 20:09 | Build | House |
| 20:09 | Build | House |
| 20:10 | Build | House |
| 20:14 | Create | Villager (Male) |
| 20:21 | Create | Villager (Male) |
| 20:24 | Create | Villager (Male) |
| 20:42 | Create | Villager (Male) |
| 20:54 | Research | Wheelbarrow |
| 20:54 | Research | Wheelbarrow |
| 20:55 | Build | Farm |
| 20:57 | Build | Farm |
| 20:58 | Build | Farm |
| 20:59 | Build | Farm |
| 21:00 | Build | Farm |
| 21:01 | Build | Farm |
| 21:04 | Create | Villager (Male) |
| 21:04 | Create | Villager (Male) |
| 21:04 | Create | Villager (Male) |
| 21:05 | Create | Villager (Male) |
| 21:12 | Create | Villager (Male) |
| 21:13 | Build | Farm |
| 21:19 | Create | Villager (Male) |
| 21:28 | Create | Villager (Male) |
| 21:43 | Create | Villager (Male) |
| 21:52 | Create | Villager (Male) |
| 21:53 | Research | Stone Mining |
| 21:54 | Research | Stone Mining |
| 21:55 | Create | Villager (Male) |
| 21:58 | Build | Mining Camp |
| 22:04 | Create | Villager (Male) |
| 22:10 | Create | Villager (Male) |
Build order — Zhang
First 150 of 539 actions detected
| 0:02 | Create | Villager (Male) |
| 0:03 | Create | Villager (Male) |
| 0:03 | Create | Villager (Male) |
| 1:00 | Create | Villager (Male) |
| 1:28 | Create | Villager (Male) |
| 1:29 | Create | Villager (Male) |
| 1:51 | Create | Villager (Male) |
| 1:52 | Create | Villager (Male) |
| 2:20 | Create | Villager (Male) |
| 2:21 | Create | Villager (Male) |
| 2:45 | Create | Villager (Male) |
| 2:45 | Create | Villager (Male) |
| 3:04 | Create | Villager (Male) |
| 3:37 | Create | Villager (Male) |
| 3:37 | Create | Villager (Male) |
| 3:56 | Create | Villager (Male) |
| 4:19 | Create | Villager (Male) |
| 4:51 | Create | Villager (Male) |
| 5:12 | Create | Villager (Male) |
| 5:12 | Create | Villager (Male) |
| 5:35 | Build | Lumber Camp |
| 5:46 | Create | Villager (Male) |
| 5:46 | Create | Villager (Male) |
| 6:13 | Build | Mill |
| 6:22 | Create | Villager (Male) |
| 6:22 | Create | Villager (Male) |
| 7:11 | Build | Mill |
| 7:19 | Create | Villager (Male) |
| 7:20 | Create | Villager (Male) |
| 7:51 | Create | Villager (Male) |
| 8:25 | Build | Farm |
| 8:27 | Build | Farm |
| 8:28 | Build | Farm |
| 8:31 | Create | Villager (Male) |
| 8:32 | Create | Villager (Male) |
| 8:42 | Build | Farm |
| 9:22 | Research | Feudal Age |
| 9:22 | Research | Feudal Age |
| 9:46 | Create | Villager (Male) |
| 11:48 | Age | Feudal Age |
| 11:50 | Build | Market |
| 11:55 | Build | Blacksmith |
| 12:00 | Create | Villager (Male) |
| 12:19 | Create | Villager (Male) |
| 13:01 | Research | Castle Age |
| 13:01 | Research | Castle Age |
| 13:03 | Research | Double-Bit Axe |
| 13:03 | Research | Double-Bit Axe |
| 13:12 | Research | Horse Collar |
| 13:19 | Build | Lumber Camp |
| 13:36 | Build | Farm |
| 13:37 | Build | Farm |
| 13:38 | Build | Farm |
| 13:41 | Create | Villager (Male) |
| 14:08 | Build | Farm |
| 14:09 | Build | Farm |
| 15:43 | Age | Castle Age |
| 15:44 | Research | Bow Saw |
| 15:44 | Research | Bow Saw |
| 15:46 | Research | Heavy Plow |
| 15:47 | Research | Heavy Plow |
| 15:53 | Build | Town Center |
| 15:57 | Create | Villager (Male) |
| 15:57 | Create | Villager (Male) |
| 16:05 | Build | Town Center |
| 16:36 | Create | Villager (Male) |
| 16:36 | Create | Villager (Male) |
| 17:31 | Create | Villager (Male) |
| 17:35 | Create | Villager (Male) |
| 17:39 | Create | Villager (Male) |
| 17:39 | Create | Villager (Male) |
| 17:44 | Build | Farm |
| 17:44 | Build | Farm |
| 17:46 | Build | Farm |
| 17:47 | Build | Farm |
| 17:49 | Build | Farm |
| 17:50 | Build | Farm |
| 17:51 | Build | Farm |
| 17:52 | Build | Farm |
| 17:58 | Create | Villager (Male) |
| 18:04 | Build | Lumber Camp |
| 18:13 | Create | Villager (Male) |
| 18:13 | Create | Villager (Male) |
| 18:19 | Build | Mining Camp |
| 18:33 | Create | Villager (Male) |
| 18:34 | Create | Villager (Male) |
| 18:34 | Create | Villager (Male) |
| 18:39 | Create | Villager (Male) |
| 18:40 | Create | Villager (Male) |
| 18:52 | Build | Lumber Camp |
| 18:57 | Create | Villager (Male) |
| 19:01 | Create | Villager (Male) |
| 19:10 | Build | Lumber Camp |
| 19:13 | Create | Villager (Male) |
| 19:17 | Create | Villager (Male) |
| 19:32 | Create | Villager (Male) |
| 19:32 | Create | Villager (Male) |
| 19:39 | Create | Villager (Male) |
| 19:39 | Create | Villager (Male) |
| 19:50 | Create | Villager (Male) |
| 19:53 | Create | Villager (Male) |
| 19:54 | Create | Villager (Male) |
| 20:09 | Build | Town Center |
| 20:16 | Create | Villager (Male) |
| 20:17 | Create | Villager (Male) |
| 20:24 | Create | Villager (Male) |
| 20:24 | Create | Villager (Male) |
| 20:31 | Build | Town Center |
| 20:35 | Create | Villager (Male) |
| 20:36 | Create | Villager (Male) |
| 20:50 | Create | Villager (Male) |
| 20:50 | Create | Villager (Male) |
| 21:04 | Build | Farm |
| 21:05 | Build | Farm |
| 21:05 | Build | Farm |
| 21:06 | Build | Farm |
| 21:06 | Build | Farm |
| 21:08 | Build | Farm |
| 21:11 | Create | Villager (Male) |
| 21:15 | Create | Villager (Male) |
| 21:23 | Create | Villager (Male) |
| 21:23 | Create | Villager (Male) |
| 21:30 | Build | Farm |
| 21:31 | Build | Farm |
| 21:31 | Build | Farm |
| 21:31 | Build | Farm |
| 21:32 | Build | Farm |
| 21:32 | Build | Farm |
| 21:32 | Build | Farm |
| 21:40 | Create | Villager (Male) |
| 21:42 | Create | Villager (Male) |
| 21:43 | Create | Villager (Male) |
| 21:49 | Build | Lumber Camp |
| 21:55 | Create | Villager (Male) |
| 21:55 | Create | Villager (Male) |
| 22:01 | Build | Farm |
| 22:02 | Build | Farm |
| 22:03 | Build | Farm |
| 22:04 | Build | Farm |
| 22:05 | Build | Farm |
| 22:06 | Build | Farm |
| 22:13 | Build | Farm |
| 22:15 | Create | Villager (Male) |
| 22:20 | Create | Villager (Male) |
| 22:23 | Create | Villager (Male) |
| 22:30 | Create | Villager (Male) |
| 22:30 | Create | Villager (Male) |
| 22:30 | Create | Villager (Male) |
| 22:41 | Create | Villager (Male) |
| 22:46 | Build | Farm |
Match timeline
| 5:17 | うーぺー · first_building Barracks |
| 5:47 | 省港澳金牌讲师 · wall_segment Palisade Wall x1 |
| 8:54 | Mo_Tastic · age_up feudal |
| 8:55 | 11别打我,我很菜 · age_up feudal |
| 9:01 | うーぺー · age_up feudal |
| 9:33 | 00011 · wall_segment Palisade Wall x1 |
| 9:38 | Mo_Tastic · first_building Barracks |
| 10:24 | Fish · age_up feudal |
| 10:32 | 00011 · wall_segment Palisade Wall x5 |
| 10:33 | 00011 · wall_segment Palisade Wall x3 |
| 10:45 | 00011 · wall_segment Palisade Wall x1 |
| 10:56 | 00011 · age_up feudal |
| 11:01 | Mo_Tastic · first_building Archery Range |
| 11:06 | 00011 · wall_segment Palisade Wall x1 |
| 11:10 | 00011 · wall_segment Palisade Wall x1 |
| 11:13 | 00011 · wall_segment Palisade Wall x1 |
| 11:22 | kw · age_up feudal |
| 11:25 | 省港澳金牌讲师 · wall_segment Palisade Wall x7 |
| 11:27 | 省港澳金牌讲师 · wall_segment Palisade Wall x1 |
| 11:35 | 省港澳金牌讲师 · wall_segment Palisade Wall x6 |
| 11:48 | 省港澳金牌讲师 · age_up feudal |
| 11:48 | Zhang · age_up feudal |
| 12:07 | 省港澳金牌讲师 · wall_segment Stone Wall x1 |
| 12:18 | 省港澳金牌讲师 · wall_segment Stone Wall x1 |
| 12:22 | 省港澳金牌讲师 · wall_segment Stone Wall x1 |
| 12:27 | 省港澳金牌讲师 · wall_segment Stone Wall x1 |
| 13:04 | 省港澳金牌讲师 · wall_segment Stone Wall x1 |
| 13:12 | 省港澳金牌讲师 · wall_segment Stone Wall x1 |
| 13:20 | 省港澳金牌讲师 · wall_segment Stone Wall x1 |
| 13:20 | 00011 · first_market_sell 100 stone |
| 13:34 | 省港澳金牌讲师 · wall_segment Stone Wall x1 |
| 13:35 | 省港澳金牌讲师 · wall_segment Stone Wall x1 |
| 13:38 | 省港澳金牌讲师 · wall_segment Stone Wall x1 |
| 13:44 | 省港澳金牌讲师 · wall_segment Stone Wall x1 |
| 14:17 | 省港澳金牌讲师 · wall_segment Stone Wall x1 |
| 14:19 | Fish · age_up castle |
| 14:19 | 省港澳金牌讲师 · wall_segment Stone Wall x1 |
| 14:21 | Fish · first_building Monastery |
| 14:31 | 省港澳金牌讲师 · wall_segment Stone Wall x1 |
| 14:43 | 省港澳金牌讲师 · wall_segment Stone Wall x1 |
| 15:00 | kw · age_up castle |
| 15:00 | 省港澳金牌讲师 · wall_segment Stone Wall x1 |
| 15:02 | 省港澳金牌讲师 · wall_segment Stone Wall x1 |
| 15:13 | kw · first_building Monastery |
| 15:28 | 省港澳金牌讲师 · wall_segment Stone Wall x1 |
| 15:37 | kw · first_market_buy 100 food |
| 15:43 | Zhang · age_up castle |
| 15:52 | 省港澳金牌讲师 · wall_segment Stone Wall x1 |
| 15:54 | うーぺー · wall_segment Palisade Wall x2 |
| 15:54 | うーぺー · wall_segment Palisade Wall x1 |
| 15:55 | うーぺー · wall_segment Palisade Wall x3 |
| 15:56 | うーぺー · wall_segment Palisade Wall x2 |
| 15:57 | うーぺー · wall_segment Palisade Wall x3 |
| 16:08 | 省港澳金牌讲师 · age_up castle |
| 16:11 | 省港澳金牌讲师 · first_building Castle |
| 16:18 | 00011 · first_market_buy 100 stone |
| 16:31 | 00011 · age_up castle |
| 16:45 | 00011 · first_building Castle |
| 17:19 | 11别打我,我很菜 · first_building Siege Workshop |
| 17:26 | 省港澳金牌讲师 · wall_segment Stone Wall x1 |
| 18:08 | 11别打我,我很菜 · first_building Barracks |
| 18:17 | 省港澳金牌讲师 · first_building Siege Workshop |
| 18:47 | 11别打我,我很菜 · first_building Stable |
| 19:00 | 省港澳金牌讲师 · first_market_sell 100 wood |
| 19:01 | 省港澳金牌讲师 · first_market_buy 100 stone |
| 19:43 | 11别打我,我很菜 · age_up castle |
| 20:02 | うーぺー · wall_segment Palisade Wall x1 |
| 20:12 | Mo_Tastic · first_market_buy 100 food |
| 20:19 | 00011 · first_building Siege Workshop |
| 21:47 | うーぺー · wall_segment Stone Wall x4 |
| 22:07 | kw · first_building Barracks |
| 22:12 | うーぺー · wall_segment Stone Wall x1 |
| 22:14 | うーぺー · wall_segment Stone Wall x1 |
| 22:41 | うーぺー · wall_segment Stone Wall x1 |
| 22:43 | うーぺー · wall_segment Stone Wall x1 |
| 22:43 | うーぺー · wall_segment Stone Wall x1 |
| 22:45 | Fish · first_building Siege Workshop |
| 22:49 | うーぺー · first_market_buy 100 stone |
| 23:19 | Mo_Tastic · age_up castle |
| 23:25 | Zhang · first_building Monastery |
| 23:45 | うーぺー · age_up castle |
| 23:54 | 11别打我,我很菜 · first_market_buy 100 food |
| 23:55 | Mo_Tastic · first_building Castle |
| 24:32 | Fish · wall_segment Stone Wall x3 |
| 24:47 | Fish · first_building Castle |
| 24:50 | うーぺー · first_building Archery Range |
| 24:58 | Fish · wall_segment Stone Wall x9 |
| 25:06 | kw · first_market_sell 100 wood |
| 25:08 | Fish · wall_segment Stone Wall x1 |
| 25:10 | Fish · wall_segment Stone Wall x1 |
| 25:11 | Fish · wall_segment Stone Wall x1 |
| 25:14 | Fish · wall_segment Stone Wall x1 |
| 25:20 | Fish · wall_segment Stone Wall x1 |
| 25:55 | Fish · first_market_buy 100 stone |
| 25:58 | Fish · first_market_sell 100 wood |
| 26:39 | Mo_Tastic · wall_segment Stone Wall x1 |
| 26:55 | Mo_Tastic · wall_segment Stone Wall x1 |
| 26:57 | Mo_Tastic · wall_segment Stone Wall x1 |
| 27:04 | Zhang · first_building Castle |
| 27:10 | Fish · wall_segment Stone Wall x1 |
| 27:29 | Fish · wall_segment Stone Wall x1 |
| 27:32 | Fish · wall_segment Stone Wall x1 |
| 27:36 | Fish · wall_segment Stone Wall x1 |
| 27:41 | Fish · wall_segment Stone Wall x1 |
| 27:43 | Fish · wall_segment Stone Wall x1 |
| 27:44 | Zhang · first_market_sell 100 food |
| 28:23 | kw · age_up imperial |
| 28:51 | Mo_Tastic · first_market_sell 100 wood |
| 28:51 | kw · wall_segment Palisade Wall x1 |
| 28:53 | Fish · age_up imperial |
| 28:56 | Fish · wall_segment Stone Wall x1 |
| 28:57 | Fish · wall_segment Stone Wall x1 |
| 28:58 | Fish · wall_segment Stone Wall x1 |
| 29:06 | Zhang · first_building Barracks |
| 29:12 | kw · first_building Castle |
| 29:54 | Zhang · first_building Stable |
| 30:01 | Zhang · first_building Archery Range |
| 30:14 | Mo_Tastic · first_building Stable |
| 30:46 | うーぺー · wall_segment Palisade Wall x1 |
| 31:01 | Zhang · age_up imperial |
| 31:38 | kw · first_building Siege Workshop |
| 32:23 | Mo_Tastic · age_up imperial |
| 32:40 | 省港澳金牌讲师 · age_up imperial |
| 33:13 | 省港澳金牌讲师 · first_building Barracks |
| 34:01 | Fish · wall_segment Stone Wall x6 |
| 34:06 | 11别打我,我很菜 · first_building Monastery |
| 34:56 | 11别打我,我很菜 · first_building Castle |
| 36:06 | Mo_Tastic · first_building Siege Workshop |
| 36:45 | うーぺー · first_building Siege Workshop |
| 37:44 | 11别打我,我很菜 · age_up imperial |
| 37:57 | 省港澳金牌讲师 · first_building Archery Range |
| 38:12 | 11别打我,我很菜 · first_market_sell 100 wood |
| 38:50 | 11别打我,我很菜 · wall_segment Palisade Wall x1 |
| 38:51 | 11别打我,我很菜 · wall_segment Palisade Wall x1 |
| 38:55 | 11别打我,我很菜 · wall_segment Palisade Wall x1 |
| 38:56 | 11别打我,我很菜 · wall_segment Palisade Wall x1 |
| 38:58 | 11别打我,我很菜 · wall_segment Palisade Wall x1 |
| 39:44 | Zhang · tribute_sent a jugador 1 |
| 39:44 | Zhang · tribute_sent a jugador 2 |
| 39:44 | Zhang · tribute_sent a jugador 3 |
| 39:44 | Zhang · tribute_sent a jugador 4 |
| 39:44 | Zhang · tribute_sent a jugador 5 |
| 39:44 | Zhang · tribute_sent a jugador 6 |
| 39:44 | Zhang · tribute_sent a jugador 7 |
| 40:26 | うーぺー · age_up imperial |
| 40:30 | kw · tribute_sent a jugador 2 |
| 40:30 | kw · tribute_sent a jugador 3 |
| 40:30 | kw · tribute_sent a jugador 4 |
| 40:30 | kw · tribute_sent a jugador 5 |
| 40:30 | kw · tribute_sent a jugador 6 |
| 40:30 | kw · tribute_sent a jugador 7 |
| 40:30 | kw · tribute_sent a jugador 8 |
| 41:13 | Fish · first_building Barracks |
| 41:44 | Fish · first_building Stable |
| 42:23 | 00011 · tribute_sent a jugador 1 |
| 42:23 | 00011 · tribute_sent a jugador 3 |
| 42:23 | 00011 · tribute_sent a jugador 4 |
| 42:23 | 00011 · tribute_sent a jugador 5 |
| 42:23 | 00011 · tribute_sent a jugador 6 |
| 42:23 | 00011 · tribute_sent a jugador 7 |
| 42:23 | 00011 · tribute_sent a jugador 8 |
| 43:07 | Fish · wall_segment Stone Wall x1 |
| 43:22 | Fish · wall_segment Stone Wall x1 |
| 43:23 | Fish · wall_segment Stone Wall x1 |
| 43:29 | Fish · wall_segment Stone Wall x1 |
| 43:30 | Fish · wall_segment Stone Wall x1 |
| 43:43 | Fish · wall_segment Stone Wall x1 |
| 44:02 | Fish · wall_segment Stone Wall x4 |
| 44:03 | Fish · wall_segment Stone Wall x3 |
| 44:07 | Fish · wall_segment Stone Wall x1 |
| 44:10 | Fish · wall_segment Stone Wall x1 |
| 44:12 | Fish · wall_segment Stone Wall x1 |
| 44:13 | Fish · wall_segment Stone Wall x1 |
| 44:14 | Fish · wall_segment Stone Wall x1 |
| 44:15 | Fish · wall_segment Stone Wall x1 |
| 44:17 | Zhang · tribute_sent a jugador 1 |
| 44:17 | Zhang · tribute_sent a jugador 2 |
| 44:17 | Zhang · tribute_sent a jugador 3 |
| 44:17 | Zhang · tribute_sent a jugador 4 |
| 44:17 | Zhang · tribute_sent a jugador 5 |
| 44:17 | Zhang · tribute_sent a jugador 6 |
| 44:17 | Zhang · tribute_sent a jugador 7 |
| 44:19 | Fish · wall_segment Stone Wall x1 |
| 44:27 | Fish · wall_segment Stone Wall x1 |
| 44:29 | Fish · wall_segment Stone Wall x5 |
| 44:47 | Fish · wall_segment Stone Wall x8 |
| 45:18 | kw · tribute_sent a jugador 2 |
| 45:18 | kw · tribute_sent a jugador 3 |
| 45:18 | kw · tribute_sent a jugador 4 |
| 45:18 | kw · tribute_sent a jugador 5 |
| 45:18 | kw · tribute_sent a jugador 6 |
| 45:18 | kw · tribute_sent a jugador 7 |
| 45:18 | kw · tribute_sent a jugador 8 |
| 45:34 | うーぺー · wall_segment Stone Wall x1 |
| 45:36 | うーぺー · wall_segment Stone Wall x1 |
| 46:33 | うーぺー · wall_segment Stone Wall x1 |
| 46:41 | うーぺー · wall_segment Stone Wall x1 |
| 46:44 | うーぺー · wall_segment Stone Wall x1 |
| 46:47 | うーぺー · wall_segment Stone Wall x1 |
| 49:44 | kw · tribute_sent a jugador 2 |
| 49:44 | kw · tribute_sent a jugador 3 |
| 49:44 | kw · tribute_sent a jugador 4 |
| 49:44 | kw · tribute_sent a jugador 5 |
| 49:44 | kw · tribute_sent a jugador 6 |
| 49:44 | kw · tribute_sent a jugador 7 |
| 49:44 | kw · tribute_sent a jugador 8 |
| 50:12 | うーぺー · wall_segment Stone Wall x1 |
| 50:14 | 00011 · first_building Barracks |
| 50:15 | うーぺー · wall_segment Stone Wall x1 |
| 50:52 | 省港澳金牌讲师 · tribute_sent a jugador 1 |
| 50:52 | 省港澳金牌讲师 · tribute_sent a jugador 2 |
| 50:52 | 省港澳金牌讲师 · tribute_sent a jugador 3 |
| 50:52 | 省港澳金牌讲师 · tribute_sent a jugador 4 |
| 50:52 | 省港澳金牌讲师 · tribute_sent a jugador 5 |
| 50:52 | 省港澳金牌讲师 · tribute_sent a jugador 7 |
| 50:52 | 省港澳金牌讲师 · tribute_sent a jugador 8 |
| 50:54 | Fish · wall_segment Stone Wall x1 |
| 50:55 | Zhang · tribute_sent a jugador 1 |
| 50:55 | Zhang · tribute_sent a jugador 2 |
| 50:55 | Zhang · tribute_sent a jugador 3 |
| 50:55 | Zhang · tribute_sent a jugador 4 |
| 50:55 | Zhang · tribute_sent a jugador 5 |
| 50:55 | Zhang · tribute_sent a jugador 6 |
| 50:55 | Zhang · tribute_sent a jugador 7 |
| 51:02 | 00011 · first_building Stable |
| 51:08 | 11别打我,我很菜 · tribute_sent a jugador 1 |
| 51:08 | 11别打我,我很菜 · tribute_sent a jugador 2 |
| 51:08 | 11别打我,我很菜 · tribute_sent a jugador 3 |
| 51:08 | 11别打我,我很菜 · tribute_sent a jugador 5 |
| 51:08 | 11别打我,我很菜 · tribute_sent a jugador 6 |
| 51:08 | 11别打我,我很菜 · tribute_sent a jugador 7 |
| 51:08 | 11别打我,我很菜 · tribute_sent a jugador 8 |
| 51:10 | 00011 · age_up imperial |
| 52:12 | kw · tribute_sent a jugador 2 |
| 52:12 | kw · tribute_sent a jugador 3 |
| 52:12 | kw · tribute_sent a jugador 4 |
| 52:12 | kw · tribute_sent a jugador 5 |
| 52:12 | kw · tribute_sent a jugador 6 |
| 52:12 | kw · tribute_sent a jugador 7 |
| 52:12 | kw · tribute_sent a jugador 8 |
| 52:47 | Zhang · tribute_sent a jugador 1 |
| 52:47 | Zhang · tribute_sent a jugador 2 |
| 52:47 | Zhang · tribute_sent a jugador 3 |
| 52:47 | Zhang · tribute_sent a jugador 4 |
| 52:47 | Zhang · tribute_sent a jugador 5 |
| 52:47 | Zhang · tribute_sent a jugador 6 |
| 52:47 | Zhang · tribute_sent a jugador 7 |
| 55:16 | 省港澳金牌讲师 · first_building Monastery |
| 55:30 | Fish · resign |
| 57:35 | 00011 · tribute_sent a jugador 1 |
| 57:35 | 00011 · tribute_sent a jugador 3 |
| 57:35 | 00011 · tribute_sent a jugador 4 |
| 57:35 | 00011 · tribute_sent a jugador 5 |
| 57:35 | 00011 · tribute_sent a jugador 6 |
| 57:35 | 00011 · tribute_sent a jugador 7 |
| 57:35 | 00011 · tribute_sent a jugador 8 |
[ AI ANALYSIS · 1 CREDIT ]
What really happened in this match?
Wolo.gg analyzes every decision: build order, eco, micro, common mistakes by bracket. Personalized analysis on WhatsApp or Discord in 30 seconds.
Civ guide
Cumans
Perfil
11别打我,我很菜